 Dungeon Sprint DCSS version 0.27-a0-1391-g48c30b3128 (webtiles) character file.

Game seed: 13978943415876195606

231 Conn the Arsonist (level 6, 0/36 HPs)
             Began as an Octopode Fire Elementalist on July 1, 2021.
             Slain by a wyvern (8 damage)
             ... in the Dungeon (Sprint II: "The Violet Keep of Menkaure").
             The game lasted 00:02:16 (55 turns).

Conn the Arsonist (Octopode Fire Elementalist)        Turns: 55, Time: 00:02:17

Health: 0/36       AC:  1    Str:  7    XL:     6   Next: 3%
Magic:  3/13       EV: 14    Int: 19    God:
Gold:   243        SH:  0    Dex: 13    Spells: 4/15 levels left

rFire    . . .     SeeInvis .   (no weapon)
rCold    . . .     Faith    .   (no shield)
rNeg     . . .     Spirit   .   (helmet restricted)
rPois    .         Reflect  .   (no amulet)
rElec    .         Harm     .   (no ring)
rCorr    .         Rampage  .   (no ring)
Will     .....     NoTele   +   (no ring)
Stlth    ++++......             (no ring)
HPRegen  0.12/turn              (no ring)
MPRegen  0.13/turn              (no ring)
                                (no ring)
                                (no ring)

@: no status effects
A: almost no armour, amphibious, 8 rings, camouflage 1, gelatinous body 1,
(nimble swimmer 1), tentacles
a: no special abilities


You were in the Dungeon.
You visited 1 branch You collected 243 gold pieces.

Inventory:

Scrolls
 f - a scroll of blinking
Potions
 a - a potion of curing
 d - 2 potions of magic


   Skills:
 + Level 0.1 Fighting
 + Level 3.8 Dodging
 + Level 4.2 Stealth
 * Level 5.1 Spellcasting
 * Level 4.2 Conjurations
 * Level 9.4 Fire Magic


You had 4 spell levels left.
You knew the following spells:

 Your Spells              Type           Power      Damage    Failure   Level
a - Foxfire               Conj/Fire      100%       2x1d9     1%          1
b - Conjure Flame         Conj/Fire      30%        6-21      2%          3
c - Inner Flame           Hex/Fire       22%        N/A       5%          3
d - Sticky Flame          Conj/Fire      30%        2d5       8%          4

Your spell library contained the following spells:

 Spells                   Type           Power      Damage    Failure   Level
 Fireball                 Conj/Fire      15%        3d8       21%         5


Dungeon Overview and Level Annotations

Branches:
Dungeon (1/1)

Altars:

Annotations:
D exclusion: orange crystal statue


Innate Abilities, Weirdness & Mutations

You cannot wear most types of armour.
You are amphibious.
You can wear up to eight rings at the same time.
Your skin changes colour to match your surroundings (Stealth+).
Your rubbery body absorbs attacks. (AC +1, EV +1)
((You are camouflaged near water. (Stealth+)))
You have tentacles for arms and can constrict up to eight enemies at once.


Message History

Your extra speed is starting to run out.
As you open the door, it creaks loudly! 2 wyverns come into view.
The wyvern hisses angrily. x2
Found 243 gold pieces.
Casting: Foxfire (safe; 1% risk of failure)
Confirm with . or Enter, or press ? or * to list all spells.
The fire begins to smoulder!
The wyvern bites you!
* * * LOW HITPOINT WARNING * * *
The fire ignites!
Casting: Conjure Flame (dangerous; 2% risk of failure)
Confirm with . or Enter, or press ? or * to list all spells.
Okay, then.
Unknown command.
Casting: Conjure Flame (dangerous; 2% risk of failure)
Confirm with . or Enter, or press ? or * to list all spells.
Aiming: Inner Flame (dangerous; 5% risk of failure)
Press: ? - help, Shift-Dir - straight line, f - wyvern
Aim: a wyvern (chance to affect: 78%) Nothing appears to happen.
Unknown command.
Unknown command.
Casting: Inner Flame (dangerous; 5% risk of failure)
Confirm with . or Enter, or press ? or * to list all spells.
Okay, then.
You recover from your berserk rage.
The wyvern is engulfed in blazing flames.
There is an open door here.
You see here a scorpion corpse.
You feel yourself slow down.
You feel much better. The wyvern bites you!
* * * LOW HITPOINT WARNING * * *
The wyvern barely misses you.
Okay, then.
You open the door. The wyvern bites you.
* * * LOW HITPOINT WARNING * * *
Marking area around an orange crystal statue as unsafe for travelling.
The orange crystal statue is engulfed in mutagenic fog.
The wyvern bites you!
You die...

##. #+# .#
#.B.##.##.#
#+.<.l#
#$B.##.##$#
##. ##†## .#
# ##.#l## #
#..#..#
###l### #@#
#≈≈≈≈≈≈≈≈≈≈§
#+++#+++#≈≈≈
§§§ ≈§§
§§8§§ §§§§≈
§§§§§≈≈


You could see an orange crystal statue and 2 wyverns.

Vanquished Creatures
  4 scorpions (D)
4 creatures vanquished.

Notes
Turn   | Place    | Note
-------+----------+-------------------------------------------
     0 | D        | Conn the Octopode Fire Elementalist began the quest for the
                  | Orb.
     0 | D        | Reached XP level 1. HP: 11/11 MP: 3/3
     1 | D        | Noticed a boulder beetle
     1 | D        | Noticed a boulder beetle
     4 | D        | Noticed a scorpion
     4 | D        | Noticed a scorpion
     4 | D        | Noticed a scorpion
     4 | D        | Noticed a scorpion
     9 | D        | Killed a scorpion
    10 | D        | Reached skill level 6 in Fire Magic
    10 | D        | Reached XP level 2. HP: 17/17 MP: 3/6
    10 | D        | Reached XP level 3. HP: 21/21 MP: 4/8
    10 | D        | Reached XP level 4. HP: 27/27 MP: 4/9
    10 | D        | Killed a scorpion
    11 | D        | Reached skill level 7 in Fire Magic
    11 | D        | Reached XP level 5. HP: 31/31 MP: 4/11
    14 | D        | Reached skill level 8 in Fire Magic
    18 | D        | Reached skill level 5 in Spellcasting
    18 | D        | Reached skill level 9 in Fire Magic
    18 | D        | Reached XP level 6. HP: 31/36 MP: 4/13
    33 | D        | Learned a level 3 spell: Conjure Flame
    37 | D        | Learned a level 3 spell: Inner Flame
    42 | D        | Learned a level 4 spell: Sticky Flame
    45 | D        | Noticed a wyvern
    45 | D        | Noticed a wyvern
    46 | D        | HP: 1/36 [wyvern (14)]
    54 | D        | Noticed an orange crystal statue
    55 | D        | Slain by a wyvern

Illustrated notes

Levels and vault maps discovered:
D:        the_violet_keep_of_menkaure [sprint2_stairs_cluster_1,
          sprint2_shoproom, sprint2_temple, sprint2_basic_supplies,
          sprint2_obstacle_4, sprint2_obstacle_2, sprint2_obstacle_6,
          sprint2_obstacle_1, sprint2_obstacle_3, sprint2_timed_cluster_1,
          sprint2_smallroom_cluster_1, sprint2_smallroom_final_cluster_1,
          sprint2_transparent_cluster_1, sprint2_second_timed_cluster_1,
          sprint2_sniper_area_1, sprint2_heavy_combat_area_1,
          sprint2_mutation_trap_area_1, sprint2_forest_area_1,
          sprint2_light_combat_area_1, sprint2_behind_water_1,
          sprint2_near_end_vault_1]

Skill      XL: |  1  2  3  4  5 |
---------------+----------------+-----
Stealth        | 3 4 |  4.2
Spellcasting   | 3 4 5 |  5.1
Conjurations   | 2 3 4 |  4.2
Fire Magic     | 6 7 9 |  9.4
Dodging        | 3 |  3.8
Fighting       | |  0.1

Action                   |  1- 3 |  4- 6 || total
-------------------------+-------+-------++-------
Melee: Unarmed           |     3 |     8 ||    11
       Tentacles         |     1 |     4 ||     5
       Constrict         |     1 |     2 ||     3
 Cast: Conjure Flame     |       |     1 ||     1
       Inner Flame       |       |     1 ||     1
  Use: Potion            |     2 |     1 ||     3
Dodge: Dodged            |     2 |     2 ||     4

Table legend: (Time is in decaauts)
 A = Elapsed time spent in this place.
 B = Non-inter-level travel time spent in this place.
 C = Inter-level travel time spent in this place.
 D = Time resting spent in this place.
 E = Time spent auto-exploring this place.
 F = Levels seen in this place.
 G = Mean time per level.
                   A        B        C        D        E       F      G
               +--------+--------+--------+--------+--------+-----+--------+
         Total |     46 |     46 |      0 |      0 |      0 |   1 |   46.0 |
       Dungeon |     46 |     46 |      0 |      0 |      0 |   1 |   46.0 |
               +--------+--------+--------+--------+--------+-----+--------+

Top non-repeatable levels by time:
       D: 46 daAuts
